 Dungeon Crawl Stone Soup version 0.18-a0-1197-g8004e50 (webtiles) character file.

115 4thArraOfDagon the Gusty (level 4, -2/33 HPs)
             Began as a Centaur Air Elementalist on Jan 30, 2016.
             Slain by an ogre
             ... wielding a +0 giant club
              (30 damage)
             ... on level 5 of the Dungeon.
             The game lasted 00:10:48 (1708 turns).

4thArraOfDagon the Gusty (Centaur Air Elementalist) Turns: 1708, Time: 00:10:48

Health: -2/33      AC:  7    Str: 11    XL:     4   Next: 68%
Magic:  4/7        EV:  9    Int: 15    God:
Gold:   158        SH:  0    Dex:  9    Spells: 3 memorised, 2 levels left

rFire  . . .     SeeInvis .     A - +0 dagger (elec)
rCold  + . .     Gourm    .     o - +2 robe {rC+}
rNeg   . . .     Faith    .     (no shield)
rPois  +         Spirit   .     (no helmet)
rElec  .         Dismiss  .     (no cloak)
rCorr  .         Reflect  .     m - +0 pair of gloves
SustAt .         Harm     .     (no barding)
MR     .....                    (no amulet)
Stlth  +.........               (no ring)
                                w - ring of poison resistance

@: repel missiles, very quick, not resistant to hostile enchantments, very
unstealthy
A: hooves 3, deformed body, speed 2, tough skin 3
a: no special abilities


You were on level 5 of the Dungeon.
You were not hungry.

You visited 1 branch of the dungeon, and saw 5 of its levels.

You collected 158 gold pieces.

Inventory:

Hand Weapons
 g - a +0 dagger
 i - a +0 spear
 s - a +2 dagger of flaming
 A - a +0 dagger of electrocution (weapon)
Missiles
 k - 14 poisoned needles
 v - 3 javelins (quivered)
Armour
 m - a +0 pair of gloves (worn)
 n - a +1 leather armour of fire resistance
 o - a +2 robe of cold resistance (worn)
Jewellery
 w - a ring of poison resistance (left hand)
Wands
 t - a wand of confusion (20/48)
Scrolls
 e - a scroll of magic mapping {unknown}
 l - a scroll of recharging {unknown}
 q - 2 scrolls of amnesia {unknown}
 r - a scroll of blinking {unknown}
 u - a scroll of enchant weapon {unknown}
 y - a scroll of noise {unknown}
Potions
 a - a potion of agility {unknown}
 d - a potion of might
 f - 2 potions of haste
 h - a potion of brilliance {unknown}
 j - a potion of cure mutation
 p - 2 potions of curing {unknown}
 x - a potion of lignification {unknown}
 z - a potion of heal wounds {unknown}
Books
 b - a book of Air

   Spells                             Type                      Level
   a - Shock                          Conjuration/Air              1
   b - Swiftness                      Charms/Air                   2
   c - Repel Missiles                 Charms/Air                   2
   d - Static Discharge               Conjuration/Air              3
   e - Lightning Bolt                 Conjuration/Air              5
Comestibles
 c - 2 bread rations
 B - a slice of pizza


   Skills:
 * Level 1.5 Polearms
 - Level 1.3 Dodging
 - Level 1.2 Stealth
 - Level 2.1 Spellcasting
 - Level 2.2 Conjurations
 - Level 3.5 Air Magic


You had 2 spell levels left.
You knew the following spells:

 Your Spells              Type           Power        Failure   Level  Hunger
a - Shock                 Conj/Air       ##..         10%         1    #......
b - Repel Missiles        Chrm/Air       #.....       17%         2    ###....
c - Swiftness             Chrm/Air       #.......     17%         2    ###....


Dungeon Overview and Level Annotations

Branches:
Dungeon (5/15)
 Temple: D:4-7

Altars:
Fedhas
Ru

Shops:
D:4 (

Annotations:
D:3 Natasha


Innate Abilities, Weirdness & Mutations

You have hooves in place of feet.
Armour fits poorly on your strangely shaped body.
You cover ground very quickly.
You have extremely tough skin (AC +3).


Message History

The ogre is heavily wounded.
The zap hits the ogre.
The ogre is severely wounded.
Unknown command.
Casting: Shock
Confirm with . or Enter, or press ? or * to list all spells.
Aiming: Shock
Press: ? - help, Shift-Dir - straight line, f - ogre
Aim: an ogre, wielding a giant club (severely wounded)
The zap hits the ogre.
The ogre is severely wounded.
Unknown command.
You hit the ogre.
The ogre is almost dead.
The ogre hits you with a giant club.
You barely miss the ogre.
The ogre is almost dead.
The ogre hits you with a giant club!!
Ouch! That really hurt!
You die...

.......<..#.........
..........##.#....#
..........##...##..
................#
..#...###.......#
...#!...........#
........#.......#
........O.......#
........@...#####
..................
..................
............##..)#
......(......##...
.......(.#....#.##
.....(...........
..........#..###
##...#. >....


You could see an ogre.

Vanquished Creatures
  A worker ant (D:3)
  3 adders
  An ooze (D:3)
  2 adder skeletons (D:5)
  2 giant geckos
  2 orcs
  A ball python (D:1)
  A giant cockroach (D:2)
  13 goblins
  5 hobgoblins
  2 jackals (D:2)
  5 kobolds
  3 quokkas
  2 bats (D:3)
  6 rats
49 creatures vanquished.

Vanquished Creatures (others)
  4 fungi (D:3)
4 creatures vanquished.

Grand Total: 53 creatures vanquished

Notes
Turn   | Place    | Note
--------------------------------------------------------------
     0 | D:1      | 4thArraOfDagon the Centaur Air Elementalist began the quest for the Orb.
     0 | D:1      | Reached XP level 1. HP: 14/14 MP: 3/3
    58 | D:1      | Reached skill level 1 in Conjurations
   180 | D:3      | Noticed Natasha
   181 | D:3      | Reached XP level 2. HP: 4/20 MP: 1/4
   198 | D:3      | Noticed a crimson imp
   256 | D:2      | Reached skill level 3 in Air Magic
   324 | D:3      | Found a blossoming altar of Fedhas.
   490 | D:4      | Found Everrono's Weapon Shoppe.
   546 | D:4      | Learned a level 2 spell: Repel Missiles
   632 | D:2      | Reached XP level 3. HP: 24/26 MP: 0/5
   641 | D:2      | Learned a level 2 spell: Swiftness
  1040 | D:3      | Found a sacrificial altar of Ru.
  1108 | D:3      | Reached XP level 4. HP: 21/33 MP: 5/7
  1207 | D:2      | Reached skill level 1 in Polearms
  1647 | D:5      | Entered Level 5 of the Dungeon
  1647 | D:5      | Noticed an ogre
  1708 | D:5      | Slain by an ogre

Vault maps used:
D:1:      dpeg_arrival_stone_temple_mockup, minivault_4, minmay_quantized
D:2:      first_bread
D:3:      kennysheep_the_goblin_king, fedhas_altar_2, nicolae_ru_awakened_eye,
          uniq_crazy_yiuf_cottage, uniq_natasha
D:4:      minmay_temple_entry_overgrown, serial_shops, nicolae_shop_stone,
          minmay_lizard_king

Action                   |  1- 3 |  4- 6 || total
-------------------------+-------+-------++-------
Melee: Dagger            |    49 |    34 ||    83
       Spear             |    33 |       ||    33
 Cast: Shock             |    34 |    14 ||    48
       Repel Missiles    |     1 |     1 ||     2
Evoke: Wand              |     2 |       ||     2
  Use: Scroll            |       |     3 ||     3
  Eat: Chunk             |     1 |     2 ||     3
